 Dungeon Crawl Stone Soup version 0.24.0-2-g5b39cebb1c (webtiles) character file.

Game seed: 7326904779054289916, levelgen mode: deterministic

3073 Emblim88 the Archer (level 9, -4/80 HPs)
             Began as a Centaur Hunter on Oct 31, 2019.
             Was a Believer of the Shining One.
             Slain by a gnoll
             ... wielding a +0 spear
              (5 damage)
             ... on level 8 of the Dungeon.
             The game lasted 00:18:18 (9190 turns).

Emblim88 the Archer (Centaur Hunter)                Turns: 9190, Time: 00:18:18

Health: -4/80      AC:  7    Str: 14    XL:     9   Next: 58%
Magic:  14/14      EV:  7    Int: 10    God:    the Shining One [**....]
Gold:   295        SH:  0    Dex: 14    Spells: 8/8 levels left

rFire    . . .     SeeInvis .   h - +2 short sword (flame)
rCold    . . .     Gourm    .   (no shield)
rNeg     + . .     Faith    .   q - +1 scale mail
rPois    +         Spirit   .   (no helmet)
rElec    .         Reflect  .   (no cloak)
rCorr    .         Harm     .   (no gloves)
MR       .....                  (no barding)
Stlth    +.........             (no amulet)
HPRegen  0.23/turn              b - ring of stealth
MPRegen  0.14/turn              A - ring of poison resistance

@: about to teleport, glowing, very quick
A: large, hooves 3, deformed body, speed 2, tough skin 3
a: Divine Shield, Renounce Religion


You were on level 8 of the Dungeon.
You worshipped the Shining One.
The Shining One was pleased with you.
You were not hungry.

You visited 2 branches of the dungeon, and saw 9 of its levels.

You collected 295 gold pieces.

Inventory:

Hand Weapons
 h - a +2 short sword of flaming (weapon)
 p - a +1 trident of protection
 B - a +1 shortbow of freezing
Missiles
 d - 47 arrows
 o - 226 stones (quivered)
 u - 2 atropa-tipped darts
 x - 16 sling bullets
 y - 8 curare-tipped darts
Armour
 q - a +1 scale mail (worn)
Jewellery
 b - a ring of stealth (left hand)
 A - a ring of poison resistance (right hand)
Wands
 c - a wand of polymorph (8)
 r - a wand of iceblast (6)
Scrolls
 g - a scroll of enchant weapon
 k - a scroll of immolation
 l - 3 scrolls of remove curse
 m - a scroll of teleportation
 n - a scroll of enchant armour
 w - a scroll of amnesia {unknown}
 z - a scroll of noise
 C - a scroll of vulnerability {unknown}
 E - a scroll of identify
Potions
 e - 2 potions of haste {unknown}
 i - 2 potions of mutation
 j - 2 potions of might
 s - 4 potions of curing
 t - 2 potions of lignification {unknown}
 v - 2 potions of brilliance {unknown}
Comestibles
 f - 4 rations


   Skills:
 + Level 7.7 Fighting
 + Level 11.0 Bows
 - Level 1.3 Dodging
 - Level 0.4 Stealth
 * Level 3.3 Invocations
 + Level 6.9 Evocations


You had 8 spell levels left.
You didn't know any spells.
Your spell library contained the following spells:

 Spells                   Type           Power        Failure   Level  Hunger
 Confusing Touch          Hex            #.....       86%         1    ##.....
 Confuse                  Hex            #.......     99%         3    ####...
 Gell's Gravitas          Tloc           #.........   99%         3    ####...
 Petrify                  Tmut/Erth      #.......     100%        4    #####..
 Metabolic Englaciation   Hex/Ice        #.........   100%        5    ######.
 Yara's Violent Unravell  Hex/Tmut       #.........   100%        5    ######.


Dungeon Overview and Level Annotations

Branches:
Dungeon (8/15)             Temple (1/1) D:4
   Lair: D:8-11

Altars:
Ashenzari
Cheibriados
Dithmenos
Elyvilon
Fedhas
Gozag
Hepliaklqana
Kikubaaqudgha
Makhleb
Nemelex Xobeh
Okawaru
Qazlal
Ru
Sif Muna
Trog
Uskayaw
Vehumet
Wu Jian
Xom
Yredelemnul
Zin
The Shining One

Shops:
D:6 *


Innate Abilities, Weirdness & Mutations

You have hooves in place of feet.
Armour fits poorly on your strangely shaped body.
You cover ground very quickly.
You have extremely tough skin. (AC +3)


Message History

The wolf is heavily wounded.
The wolf barely misses you.
The gnoll hits you from afar with a +0 spear.
* * * LOW HITPOINT WARNING * * *
The wolf bites you!
* * * LOW HITPOINT WARNING * * *
The wolf bites you but does no damage.
Okay, then.
You feel better. The wolf bites you.
* * * LOW HITPOINT WARNING * * *
The gnoll hits you from afar with a +0 spear.
* * * LOW HITPOINT WARNING * * *
The wolf bites you.
* * * LOW HITPOINT WARNING * * *
As you read the scroll of teleportation, it crumbles to dust.
You feel strangely unstable. The wolf bites you.
* * * LOW HITPOINT WARNING * * *
The adder simulacrum bites you but does no damage.
The gnoll hits you from afar with a +0 spear.
You die...

#.......##[.......#
#.##....##)########
###.##.........#
....#.#.#.#)...#
##..........[..##
#.##.###.<.....# ######.#
##.###..gZ##.#.[# #<....>#
......(##.##.#..#####.######
..(..(.##......Z@.....#
##.##..##.#####h#######
#.##..##.)..gg.#
h.##..########## #####..#
...# ##.. ##.


You could see a wolf, 2 gnolls and an adder simulacrum.

Vanquished Creatures
  A hippogriff (D:7)
  Sigmund (D:3)
  5 orc warriors
  2 ice beasts (D:8)
  3 phantoms
  A black bear (D:8)
  A centaur (D:8)
  An ogre (D:4)
  2 wolves
  A crocodile (D:7)
  Blork the orc (D:6)
  2 bullfrogs
  A gnoll sergeant (D:8)
  2 scorpions (D:5)
  A howler monkey (D:7)
  3 crimson imps
  A jelly (D:7)
  A quasit (D:7)
  4 orc priests
  A hound (D:7)
  A bullfrog skeleton (D:7)
  A centaur skeleton (D:7)
  4 iguanas
  6 orc wizards
  Ijyb (D:3)
  A worker ant zombie (D:5)
  6 gnolls
  6 adders
  A white imp (D:8)
  An ufetubus (D:8)
  An adder skeleton (D:5)
  A worm (D:3)
  2 dart slugs
  3 leopard geckos
  37 orcs
  2 giant cockroaches
  4 goblins
  5 hobgoblins
  19 jackals
  7 kobolds
  2 quokkas
  6 bats
  4 frilled lizards
  A leopard gecko zombie (D:7)
  4 rats
161 creatures vanquished.

Notes
Turn   | Place    | Note
-------+----------+-------------------------------------------
     0 | D:1      | Emblim88 the Centaur Hunter began the quest for the Orb.
     0 | D:1      | Reached XP level 1. HP: 17/17 MP: 1/1
   164 | D:1      | Reached XP level 2. HP: 25/25 MP: 2/2
   690 | D:2      | Reached skill level 6 in Bows
   691 | D:2      | Reached XP level 3. HP: 18/31 MP: 3/3
  1158 | D:2      | Reached XP level 4. HP: 30/38 MP: 4/4
  1922 | D:3      | Noticed Ijyb
  1936 | D:3      | Killed Ijyb
  1936 | D:3      | Reached skill level 7 in Bows
  1936 | D:3      | Reached XP level 5. HP: 35/46 MP: 5/5
  3117 | D:3      | Noticed Sigmund
  3178 | D:3      | Killed Sigmund
  3178 | D:3      | Reached skill level 5 in Fighting
  3178 | D:3      | Reached skill level 8 in Bows
  3178 | D:3      | Reached XP level 6. HP: 47/56 MP: 6/6
  3535 | D:4      | You fall into a shaft and drop 2 floors!
  3581 | D:5      | Entered Level 5 of the Dungeon
  3659 | D:4      | Reached skill level 1 in Evocations
  3659 | D:4      | Reached XP level 7. HP: 36/61 MP: 6/8
  3719 | D:4      | Found a staircase to the Ecumenical Temple.
  3755 | Temple   | Entered the Ecumenical Temple
  3979 | Temple   | Became a worshipper of the Shining One
  4638 | D:4      | Found a stormy altar of Qazlal.
  4638 | D:4      | Found a hide-covered altar of Uskayaw.
  4823 | D:5      | Found a white marble altar of Elyvilon.
  5107 | D:5      | Reached skill level 9 in Bows
  5435 | D:5      | Found a radiant altar of Vehumet.
  5721 | D:6      | Found Ygrea's General Store.
  5721 | D:6      | Noticed Blork the orc
  5724 | D:6      | Killed Blork the orc
  5787 | D:6      | Reached XP level 8. HP: 70/70 MP: 10/10
  7088 | D:7      | Reached skill level 5 in Evocations
  7140 | D:7      | Found a sparkling altar of Nemelex Xobeh.
  7179 | D:7      | Reached * piety under the Shining One
  7352 | D:7      | Reached skill level 10 in Bows
  8167 | D:7      | Noticed a hippogriff
  8186 | D:7      | Killed a hippogriff
  8186 | D:7      | Reached XP level 9. HP: 69/79 MP: 13/13
  8459 | D:7      | Found a white marble altar of Elyvilon.
  8703 | D:8      | Reached skill level 1 in Invocations
  8938 | D:8      | Reached ** piety under the Shining One
  8978 | D:7      | Reached skill level 11 in Bows
  9186 | D:8      | HP: 4/80 [wolf (8)]
  9190 | D:8      | HP: 1/80 [wolf (4)]
  9190 | D:8      | Slain by a gnoll

Levels and vault maps discovered:
D:1:      minmay_arrival_four_loops, layout_basic
D:2:      layout_rooms, serial_corexii_hall, chequers_hall_statues_corner_a,
          corexii_hall_statues_x
D:3:      layout_basic, uniq_sigmund, uniq_ijyb
D:4:      layout_loops_ring, gammafunk_temple_overflow_statue,
          minmay_temple_entry_statues, first_ration,
          hangedman_abyss_or_decor_passed, minmay_distorted
D:5:      layout_cave_pods, old_standard_altar, elyvilon_altar_4
D:6:      layout_rooms, serial_shops, nicolae_shop_statue_plus,
          uniq_blork_the_orc
D:7:      lemuel_upstairs_altar, layout_basic, nemelex_altar_shiori
D:8:      layout_loops_cross, serial_ice, serial_ice_a, serial_ice_c,
          serial_ice_i, serial_ice_f, serial_ice_d, serial_ice_e, serial_ice_h,
          serial_ice_g, serial_ice_m, serial_ice_n, david_nohive_1, uniq_grum
Temple:   dpeg_five_rooms_temple

Skill      XL: |  1  2  3  4  5  6  7  8  9 |
---------------+----------------------------+-----
Bows           | 6 7 8 9 10 11 | 11.0
Fighting       | 3 4 5 6 7 |  7.7
Evocations     | 1 3 6 |  6.9
Invocations    | 3 |  3.3
Dodging        | |  1.3
Stealth        | |  0.4

Action                   |  1- 3 |  4- 6 |  7- 9 || total
-------------------------+-------+-------+-------++-------
Melee: Short sword       |       |       |    24 ||    24
       Kick              |       |       |     5 ||     5
 Fire: Shortbow          |    83 |   184 |   413 ||   680
Evoke: Wand              |       |       |     2 ||     2
  Use: Potion            |       |     5 |     6 ||    11
       Scroll            |       |       |    13 ||    13
  Eat: Ration            |       |     2 |     4 ||     6
       Chunk             |       |       |     1 ||     1
Armor: Leather armour    |     9 |    14 |       ||    23
       Scale mail        |       |     9 |    51 ||    60
Dodge: Dodged            |    15 |    33 |    44 ||    92
